 Dungeon Crawl Stone Soup version 0.30.1-9-gdf580d7c3d (webtiles) character file.

Game seed: 2352528703094460436

646 monsoonserge the Digger (level 7, -7/38 HPs)
             Began as a Gargoyle Earth Elementalist on Sept 29, 2023.
             Mangled by Edmund
             ... wielding a +3 dire flail of holy wrath
              (17 damage)
             ... on level 5 of the Dungeon.
             The game lasted 00:12:12 (3460 turns).

monsoonserge the Digger (GrEE)                      Turns: 3460, Time: 00:12:13

Health: -7/38      AC: 14    Str: 12    XL:     7   Next: 52%
Magic:  7/10       EV: 11    Int: 17    God:
Gold:   291        SH:  4    Dex: 10    Spells: 6/10 levels left

rFire   . . .        v - +1 short sword (freeze)
rCold   . . .        g - +0 buckler
rNeg    + . .        z - +1 leather armour {Will+}
rPois   ∞            (no helmet)
rElec   +            f - scarf {shadows}
rCorr   .            A - +0 pair of gloves
SInv    .            (no boots)
Will    +....        h - amulet of magic regeneration
Stlth   ++           s - +4 ring of protection
HPRegen 0.26/turn    (no ring)
MPRegen 0.52/turn

%: no passive effects
@: no status effects
A: sickness immunity, AC +4, negative energy resistance 1, electricity
resistance, torment resistance 1, petrification resistance
a: no special abilities


You were on level 5 of the Dungeon.
You visited 1 branch of the dungeon, and saw 5 of its levels.

You collected 291 gold pieces.

Inventory:

Hand Weapons
 c - a +0 vampiric dagger
 n - a +2 quarterstaff of chaos
 v - a +1 short sword of freezing (weapon)
Missiles
 a - 5 javelins
 k - 2 poisoned darts
Armour
 f - a scarf of shadows (worn)
 g - a +0 buckler (worn)
 o - a +0 cloak
 u - a +3 ring mail
 z - a +1 leather armour of willpower (worn)
 A - a +0 pair of gloves (worn)
Jewellery
 h - an amulet of magic regeneration (around neck)
 s - a +4 ring of protection (left hand)
Wands
 B - a wand of mindburst (10)
Scrolls
 d - 3 scrolls of identify
 e - a scroll of immolation {unknown}
 j - a scroll of silence {unknown}
 m - 2 scrolls of poison {unknown}
 p - a scroll of blinking {unknown}
 r - 2 scrolls of magic mapping {unknown}
 t - 2 scrolls of amnesia {unknown}
 y - 2 scrolls of enchant weapon {unknown}
Potions
 b - 2 potions of magic
 i - a potion of flight {unknown}
 l - 4 potions of curing
 q - a potion of degeneration {unknown}
 w - a potion of haste {unknown}
 x - 2 potions of heal wounds {unknown}


   Skills:
 + Level 1.1 Fighting
 + Level 0.8 Short Blades
 + Level 3.1 Armour
 + Level 2.3 Dodging
 - Level 3.0 Stealth
 * Level 2.3 Shields
 - Level 0.6 Unarmed Combat
 - Level 2.0 Spellcasting
 * Level 2.8 Conjurations
 + Level 0.7 Transmutations
 + Level 7.1 Earth Magic


You had 6 spell levels left.
You knew the following spells:

 Your Spells              Type           Power      Damage    Failure   Level
a - Sandblast             Erth           50%        2d12      1%          1
b - Stone Arrow           Conj/Erth      36%        3d9       14%         3

Your spell library contained the following spells:

 Spells                   Type           Power      Damage    Failure   Level
 Passwall                 Tmut/Erth      12%        N/A       11%         2
 Petrify                  Tmut/Erth      15%        N/A       56%         4


Dungeon Overview and Level Annotations

Branches:
Dungeon (5/15)
 Temple: D:4-7

Altars:

Annotations:
D:2 Sigmund
D:5 Edmund, Ijyb


Innate Abilities, Weirdness & Mutations

You are immune to sickness and miasma.
Your stone body is resilient. (AC +4)
You are immune to poison.
You resist negative energy. (rN+)
You are resistant to electric shocks. (rElec)
You are resistant to unholy torment.
You are immune to petrification.


Message History

Casting: Sandblast (safe; 1% risk of failure)
Confirm with . or Enter, or press ? or * to list all spells.
Aiming: Sandblast (safe; 1% risk of failure)
Press: ? - help, Shift-Dir - straight line, f/p - centaur
Aim: a centaur (heavily wounded, 90% to hit)
The blast of sand hits the centaur!
You kill the centaur!
Ijyb zaps a wand.
The mass of ice explodes!
The iceblast engulfs you!
Edmund drinks a potion.
Edmund goes berserk!
Ijyb zaps a wand.
The mass of ice explodes!
The iceblast engulfs you.
Your Earth Magic skill increases to level 7!
Ijyb closely misses you.
There is a stone staircase leading down here.
You see here a +0 shortbow.
Unknown command.
Edmund attacks as you move away! Edmund closely misses you.
Ijyb attacks as you move away! Ijyb hits you but does no damage.
Edmund hits you with a +3 dire flail of holy wrath!
* * * LOW HITPOINT WARNING * * *
Okay, then.
Casting: Sandblast (safe; 1% risk of failure)
Confirm with . or Enter, or press ? or * to list all spells.
Okay, then.
Okay, then.
Casting: Sandblast (safe; 1% risk of failure)
Confirm with . or Enter, or press ? or * to list all spells.
The spell is quite dangerous to miscast (14% risk of failure)!
Continue anyway? [Y]es or [N]o only, please.
The spell is quite dangerous to miscast (14% risk of failure)!
Continue anyway?
Okay, then.
Casting: Stone Arrow (quite dangerous; 14% risk of failure)
Confirm with . or Enter, or press ? or * to list all spells.
The spell is quite dangerous to miscast (14% risk of failure)!
Continue anyway?
Aiming: Stone Arrow (quite dangerous; 14% risk of failure)
Press: ? - help, Shift-Dir - straight line, f - Ijyb
Aim: Ijyb, wielding a +0 dagger, wearing a +0 leather armour and carrying a wand of iceblast (1) (60% to hit)
The stone arrow hits Edmund!
Edmund is moderately wounded.
Edmund hits you with a +3 dire flail of holy wrath!
You die...

.. .......# ...
###.#.....# ....
....#.....#
....###....#.....####
..@......# #........#
.........# #.....##
#g..# ###'#..# #@#.#
#.#..# #@# # #.#..#
#.# #.#..# #.# #.#..#
#.# #.#..# #.# #.#..#
#.# #.#..# #.# #.#..#
#.# #.#..# #.# #.#..#


You could see Edmund (berserk) and Ijyb.

Vanquished Creatures
  A water moccasin (D:3)
  2 centaurs
  A hound (D:4)
  Crazy Yiuf (D:2)
  2 sleepcaps (D:4)
  2 orc wizards (D:3)
  3 gnolls (D:3)
  10 adders
  6 orcs
  9 bats
  4 endoplasms
  3 giant cockroaches
  9 goblins
  18 hobgoblins
  2 jackals (D:3)
  2 quokkas
  5 ball pythons
  4 frilled lizards
  9 kobolds
  17 rats
110 creatures vanquished.

Notes
Turn   | Place    | Note
-------+----------+-------------------------------------------
     0 | D:1      | monsoonserge the Gargoyle Earth Elementalist began the
                  | quest for the Orb.
     0 | D:1      | Reached XP level 1. HP: 10/10 MP: 3/3
    92 | D:1      | Reached skill level 4 in Earth Magic
   138 | D:1      | Reached XP level 2. HP: 15/15 MP: 1/5
   817 | D:1      | Reached XP level 3. HP: 19/19 MP: 4/6
   967 | D:2      | Learned a level 3 spell: Stone Arrow
   985 | D:2      | Reached skill level 5 in Earth Magic
  1138 | D:2      | Reached skill level 1 in Armour
  1138 | D:2      | Reached XP level 4. HP: 24/24 MP: 7/7
  1168 | D:2      | Noticed Sigmund
  1365 | D:2      | Found a runed translucent door.
  1366 | D:2      | Noticed Crazy Yiuf
  1375 | D:2      | Killed Crazy Yiuf
  1693 | D:3      | Noticed a water moccasin
  1703 | D:3      | Reached XP level 5. HP: 22/28 MP: 6/8
  1929 | D:3      | Reached skill level 1 in Conjurations
  2093 | D:3      | Killed a water moccasin
  2094 | D:3      | Reached skill level 1 in Shields
  2094 | D:3      | Reached skill level 6 in Earth Magic
  2094 | D:3      | Reached XP level 6. HP: 31/33 MP: 7/9
  2705 | D:4      | Reached skill level 1 in Fighting
  2705 | D:4      | Reached XP level 7. HP: 38/38 MP: 8/10
  3253 | D:5      | Entered Level 5 of the Dungeon
  3451 | D:5      | Noticed Ijyb
  3453 | D:5      | Noticed Edmund
  3458 | D:5      | Reached skill level 7 in Earth Magic
  3460 | D:5      | Mangled by Edmund

Illustrated notes

Levels and vault maps discovered:
D:1:      spicycebolla_arrival_transporter_tutorial, layout_loops_ring,
          minmay_gold_behind_fungi
D:2:      layout_rooms, minmay_splitting_lines, minmay_rat_gold_closets,
          uniq_sigmund, uniq_crazy_yiuf_cottage
D:3:      cheibrodos_greedy_goblins, layout_basic, minmay_mini_jars
D:4:      layout_loops_cross
D:5:      layout_basic, uniq_edmund, uniq_duvessa, uniq_ijyb

Skill      XL: |  1  2  3  4  5  6  7 |
---------------+----------------------+-----
Earth Magic    | 4 5 6 7 |  7.1
Armour         | 1 2 3 |  3.1
Stealth        | 3 |  3.0
Conjurations   | 1 2 |  2.8
Dodging        | 2 |  2.3
Shields        | 1 2 |  2.3
Fighting       | 1 |  1.1
Short Blades   | |  0.8
Unarmed Combat | |  0.6
Spellcasting   | |  2.0
Transmutations | |  0.7

Action                     |  1- 3 |  4- 6 |  7- 9 || total
---------------------------+-------+-------+-------++-------
  Melee: Unarmed           |     2 |       |       ||     2
         Dagger            |    19 |    15 |       ||    34
         Short sword       |       |    34 |       ||    34
   Cast: Sandblast         |    39 |    76 |    33 ||   148
         Stone Arrow       |       |     1 |     1 ||     2
    Use: Scroll            |       |       |     1 ||     1
   Stab: Sleeping          |     7 |     5 |       ||    12
 Armour: Robe              |     7 |    53 |       ||    60
         Leather armour    |     4 |     3 |    14 ||    21
  Dodge: Dodged            |    16 |    61 |    15 ||    92
  Block: Buckler           |     2 |    10 |     3 ||    15
